 Dungeon Crawl Stone Soup version 0.28-a0-1389-gc726bef33b (webtiles) character file.

Game seed: 10327946354924974825

65 ChaosChampion the Skirmisher (level 3, -3/29 HPs)
             Began as a Demonspawn Abyssal Knight on Jan 3, 2022.
             Was a Believer of Lugonu.
             Slain by an adder (4 damage)
             ... on level 2 of the Dungeon.
             The game lasted 00:02:20 (2411 turns).

ChaosChampion the Skirmisher (DsAK)                 Turns: 2411, Time: 00:02:20

Health: -3/29      AC:  3    Str: 15    XL:     3   Next: 94%
Magic:  5/5        EV: 11    Int: 11    God:    Lugonu [**....]
Gold:   104        SH:  0    Dex: 13    Spells: 2/2 levels left

rFire   + . .      SeeInvis .   a - +1 spear
rCold   + . .      Faith    .   (no shield)
rNeg    . . .      Spirit   .   b - +0 leather armour
rPois   +          Reflect  .   (no helmet)
rElec   +          Harm     .   (no cloak)
rCorr   +          Rampage  .   (no gloves)
Will    .....                   (no boots)
Stlth   +.........              (no amulet)
HPRegen 0.09/turn               (no ring)
MPRegen 0.09/turn               (no ring)

@: resistant
A: weakness stinger 1
a: Renounce Religion, Depart the Abyss, Bend Space


You were on level 2 of the Dungeon.
You worshipped Lugonu.
Lugonu was pleased with you.
You visited 1 branch of the dungeon, and saw 2 of its levels.
You visited the Abyss 1 time.

You collected 104 gold pieces.

Inventory:

Hand Weapons
 a - a +1 spear (weapon)
Armour
 b - a +0 leather armour (worn)
 l - a +1 pair of boots
 m - an orb of light
Scrolls
 f - a scroll of holy word {unknown}
 i - a scroll of fear {unknown}
 j - a scroll of brand weapon {unknown}
Potions
 c - a potion of curing {unknown}
 e - a potion of berserk rage {unknown}
 g - a potion of cancellation {unknown}
 h - 2 potions of heal wounds {unknown}
 k - a potion of attraction {unknown}


   Skills:
 + Level 3.3 Fighting
 + Level 2.3 Polearms
 + Level 2.3 Armour
 + Level 1.6 Dodging
 + Level 3.3 Invocations


You had 2 spell levels left.
You didn't know any spells.
Your spell library contained the following spells:

 Spells                   Type           Power      Damage    Failure   Level
 Ignite Poison            Fire/Tmut/Pois 0%         N/A       78%         3
 Mephitic Cloud           Conj/Pois/Air  0%         N/A       78%         3
 Freezing Cloud           Conj/Ice/Air   0%         6-21      100%        5


Dungeon Overview and Level Annotations

Branches:
Dungeon (2/15)

Altars:

Annotations:
D:2 Terence


Innate Abilities, Weirdness & Mutations

You have a small tail.


Message History

You are poisoned.
The adder poisons you! The adder closely misses you.
You closely miss the adder.
You feel sick. The adder bites you but does no damage.
You miss the adder.
You tail-slap the adder, but do no damage.
You feel sick. The adder bites you.
You hit the adder but do no damage.
You feel sick. The adder completely misses you.
The adder bites you but does no damage.
You hit the adder.
Your tail-slap misses the adder.
The adder is moderately wounded.
You feel sick. The adder bites you.
You barely miss the adder.
Your tail-slap misses the adder.
The adder is lightly wounded.
You feel sick. The adder bites you.
You are too injured to fight recklessly!
You are too injured to fight recklessly!
You are too injured to fight recklessly!
You barely miss the adder.
The adder is lightly wounded.
You feel sick. The adder bites you but does no damage.
You hit the adder.
The adder is severely wounded.
You feel sick.
You are no longer poisoned.
The adder bites you but does no damage. The adder bites you.
* * * LOW HITPOINT WARNING * * *
You barely miss the adder.
You tail-slap the adder, but do no damage.
The adder is severely wounded.
The adder bites you.
* * * LOW HITPOINT WARNING * * *
You miss the adder.
The adder is severely wounded.
The adder bites you.
* * * LOW HITPOINT WARNING * * *
It was a potion of resistance.
You feel protected. The adder bites you.
You die...

.. #...##.#.# .#.#.....
...+......#.#..#.#.....
...#......#.#..#.#.....
.........†.....#.##....
###.........##.#.......
r.S....#.#.....#.......
...#......####.......
.. #S................
#@.>..............
#......###########
#.#...............
#.#.##.####....###
#.#.##.####....#
#.#.##.#.......# ...
##.#.......### ...
..............
#......##.....


You could see an adder.

Vanquished Creatures
  2 adders (D:2)
  A dart slug (D:1)
  8 endoplasms
  4 giant cockroaches
  A goblin (D:1)
  3 hobgoblins
  A quokka (D:1)
  6 ball pythons (D:1)
  5 bats
  6 frilled lizards
  2 kobolds
  4 rats
43 creatures vanquished.

Vanquished Creatures (others)
  A lurking horror (Abyss:1)
1 creature vanquished.

Grand Total: 44 creatures vanquished

Notes
Turn   | Place    | Note
-------+----------+-------------------------------------------
     0 | Abyss:1  | ChaosChampion the Demonspawn Abyssal Knight began the quest
                  | for the Orb.
     0 | Abyss:1  | Reached XP level 1. HP: 18/18 MP: 2/2
    64 | Abyss:1  | Noticed a thrashing horror
    72 | D:1      | Escaped the Abyss
   340 | D:1      | Reached skill level 1 in Dodging
   458 | D:1      | Gained mutation: You have a small tail. [demonic ancestry]
   458 | D:1      | Reached XP level 2. HP: 20/24 MP: 4/4
   509 | D:1      | Found a faded altar of an unknown god.
   524 | D:1      | Reached * piety under Lugonu
   887 | D:1      | Reached XP level 3. HP: 29/29 MP: 5/5
  1439 | D:2      | Noticed Terence
  1473 | D:2      | HP: 1/29 [Terence (8)]
  2342 | D:2      | Reached ** piety under Lugonu
  2410 | D:2      | HP: 1/29 [adder (2)]
  2411 | D:2      | Slain by an adder

Illustrated notes

Levels and vault maps discovered:
D:1:      elethiomel_arrival_shortcut, layout_loops_ring,
          chequers_ecumenical_altar_simple_redux, minmay_splitting_lines,
          hangedman_decor_opposing, minmay_pentomino_p4
D:2:      layout_basic, uniq_terence

Skill      XL: |  1  2  3 |
---------------+----------+-----
Dodging        | 1 |  1.6
Armour         | 2 |  2.3
Polearms       | 2 |  2.3
Invocations    | 3 |  3.3
Fighting       | |  3.3

Action                   || total
-------------------------++-------
Melee: Spear             ||   148
       Tailslap          ||    13
Invok: Depart the Abyss  ||     1
  Use: Potion            ||     1
 Stab: Sleeping          ||     3
Armor: Leather armour    ||    36
Dodge: Dodged            ||    79

Table legend: (Time is in decaauts)
 A = Elapsed time spent in this place.
 B = Non-inter-level travel time spent in this place.
 C = Inter-level travel time spent in this place.
 D = Time resting spent in this place.
 E = Time spent auto-exploring this place.
 F = Levels seen in this place.
 G = Mean time per level.
                   A        B        C        D        E       F      G
               +--------+--------+--------+--------+--------+-----+--------+
         Total |   2411 |   2312 |     99 |    227 |   1581 |   3 |  803.7 |
       Dungeon |   2339 |   2240 |     99 |    227 |   1521 |   2 | 1169.5 |
         Abyss |     72 |     72 |      0 |      0 |     60 |   1 |   72.0 |
               +--------+--------+--------+--------+--------+-----+--------+

Top non-repeatable levels by time:
     D:1: 1704 daAuts
     D:2: 635 daAuts
 Abyss:1: 72 daAuts
